 Dungeon Crawl Stone Soup version 0.23.2-40-g277498a001 (webtiles) character file.

Game seed: 945785734703026847

237539 Raviolo the Warrior (level 18, -7/168 HPs)
             Began as a Minotaur Berserker on Sept 2, 2019.
             Was the Champion of Trog.
             Splashed by an acid blob's acid (9 damage)
             ... on level 4 of the Pits of Slime on Sept 3, 2019.
             The game lasted 05:00:44 (27037 turns).

Raviolo the Warrior (Minotaur Berserker)           Turns: 27037, Time: 05:00:45

Health: -7/168     AC:  7    Str: 29    XL:     18   Next: 53%
Magic:  0/44       EV: 25    Int:  4    God:    Trog [******]
Gold:   2970       SH: 15    Dex: 19    Spells: 17/17 levels left

rFire    + . .     SeeInvis +   e - +9 sword of Zonguldrok {reap}
rCold    + . .     Gourm    .   a - +0 shield of Resourcefulness {-Tele MP+9 Dex+4}
rNeg     . . .     Faith    .   u - +2 plate armour {rPois}
rPois    +         Spirit   +   X - +0 mask of the Dragon {MR+ Slay+3 SInv}
rElec    .         Reflect  .   r - scarf {rC+ rF+}
rCorr    .         Harm     .   k - +0 pair of gloves
MR       ++...     Clarity  +   q - +0 pair of boots Stlth ..........NoTele +
                                s - amulet of guardian spirit
HPRegen  0.38/turn              F - ring of Uddaps {+Blink EV+3 Str+4}
MPRegen  0.29/turn              w - ring of magical power

@: corroded
A: retaliatory headbutt, horns 2, repulsion field 1, iridescent scales 1,
clarity, deformed body, sense surroundings 1, sturdy frame 1
}: 2/15 runes: decaying, gossamer
a: Berserk, Trog's Hand, Brothers in Arms, Renounce Religion, Evoke Blink


You were on level 4 of the Pits of Slime.
You worshipped Trog.
Trog was exalted by your worship.
You were not hungry.

You visited 6 branches of the dungeon, and saw 30 of its levels.
You visited the Abyss 1 time.
You also visited: Bailey and Volcano.

You collected 3085 gold pieces.
You spent 115 gold pieces at shops.

Inventory:

Hand Weapons
 e - the +9 sword of Zonguldrok (weapon) {reap}
   (You found it in a bailey)

   If a monster killed with it leaves a corpse in good enough shape, the corpse
   will be animated as a zombie friendly to the killer.
 Q - a +5 demon trident of flaming
Armour
 a - the +0 shield of Resourcefulness (worn) {-Tele MP+9 Dex+4}
   (You found it in a bailey)

   It affects your dexterity (+4).
   It affects your magic capacity (+9).
   It prevents most forms of teleportation.
 k - a +0 pair of gloves (worn)
 q - a +0 pair of boots (worn)
 r - a scarf of resistance (worn)
 u - a +2 plate armour of poison resistance (worn)
 X - the +0 mask of the Dragon (worn) {MR+ Slay+3 SInv}
   (You found it on level 5 of the Lair of Beasts)

   It affects your accuracy and damage with ranged weapons and melee attacks
   (+3).
   It affects your resistance to hostile enchantments.
   It lets you see invisible.
Jewellery
 s - an amulet of guardian spirit (around neck)
 w - a ring of magical power (right hand)
 F - the ring of Uddaps (left hand) {+Blink EV+3 Str+4}
   (You acquired it on level 2 of the Orcish Mines)

   [ring of evasion]

   It affects your evasion (+3).
   It affects your strength (+4).
   It lets you blink.
Wands
 v - a wand of polymorph (39)
 A - a wand of digging (14)
 I - a wand of paralysis (14)
 L - a wand of disintegration (17)
 M - a wand of random effects (16)
 S - a wand of iceblast (7)
 Y - a wand of enslavement (5)
Scrolls
 f - 4 scrolls of magic mapping
 i - 13 scrolls of teleportation
 m - 9 scrolls of remove curse
 n - 6 scrolls of blinking
 p - 4 scrolls of immolation
 t - 6 scrolls of enchant armour
 B - 7 scrolls of amnesia
 E - a scroll of enchant weapon
 G - a scroll of torment {unknown}
 H - 3 scrolls of random uselessness
 N - a scroll of fear
 O - a scroll of summoning {unknown}
 P - 8 scrolls of identify
 W - 2 scrolls of vulnerability {unknown}
 Z - 2 scrolls of fog
Potions
 d - 6 potions of lignification
 g - 10 potions of curing
 j - 2 potions of cancellation
 l - a potion of invisibility
 x - 5 potions of haste
 z - a potion of mutation
 C - 5 potions of ambrosia
 D - 2 potions of agility
 J - a potion of flight
 T - 3 potions of berserk rage
 U - a potion of might
 V - 6 potions of brilliance
Miscellaneous
 b - a lightning rod (4/4)
 o - a lamp of fire (inert)
 y - a crystal ball of energy
 K - a box of beasts
Comestibles
 c - 30 rations


   Skills:
 + Level 16.8 Fighting
 * Level 16.2 Long Blades
 - Level 9.0 Polearms
 - Level 16.0 Armour
 + Level 15.5 Dodging
 - Level 15.0 Shields
 + Level 12.4 Evocations


You had 17 spell levels left.
You didn't know any spells.
Your spell library was empty.

Dungeon Overview and Level Annotations

Branches:
Dungeon (10/15)            Temple (0/1) D:5            Lair (6/6) D:10
  Swamp (4/4) Lair:2       Spider (4/4) Lair:4        Slime (4/5) Lair:5
    Orc (2/2) D:10            Elf (0/3) Orc:2

Altars:
Ashenzari
Dithmenos
Elyvilon
Fedhas
Gozag
Nemelex Xobeh
Okawaru
Qazlal
Ru
Sif Muna
Trog
Uskayaw
Xom
Yredelemnul
Beogh
Jiyva

Shops:
D:5 (   D:6 }*   D:7 ?   D:10 (   Orc:2 [=%:


Innate Abilities, Weirdness & Mutations

You reflexively headbutt those who attack you in melee.
You have a pair of horns on your head.
You are surrounded by a mild repulsion field. (EV +2)
You are partially covered in iridescent scales. (AC +2)
You possess an exceptional clarity of mind.
Armour fits poorly on your strangely shaped body.
You passively map a small area around you.
Your movements are slightly less encumbered by armour. (ER -2)


Message History

The acid blob spits acid at you. The splash of acid hits you!
* * * LOW HITPOINT WARNING * * *
The acid corrodes you!
You are splashed with acid!
* * * LOW HITPOINT WARNING * * *
Unknown command.
You block the slime creature's attack. The acid blob spits acid at you.
The splash of acid hits you.
* * * LOW HITPOINT WARNING * * *
The acid corrodes you!
You are splashed with acid!
* * * LOW HITPOINT WARNING * * *
There is a stone staircase leading up here.
Unknown command.
The slime creature hits you.
* * * LOW HITPOINT WARNING * * *
You block the slime creature's attack. The acid blob hits you!!
* * * LOW HITPOINT WARNING * * *
You are splashed with acid!
You die...

..#...........# *##
.#............## #.##
..#........#.#.##...##
.........G#.....#....##
..#...................#
.#...>ยง................
.........J....J.....#.#
...............JJ...# #
...........^...J@..##.##
.............##........#
...........####....##.##
...........# ##....# #
.......#...# ###.##
........#...# ##
...........##
............ , ,


You could see 2 acid blobs, 3 slime creatures and an eye of draining.

Vanquished Creatures
  the Lernaean hydra (Swamp:4)
  Jorgrun (Swamp:1)
  A tentacled monstrosity (Swamp:3)
  Rupert (Lair:4)
  9 acid blobs
  An Executioner (Abyss:3)
  A thorn hunter (Swamp:4)
  6 azure jellies
  Roxanne (Swamp:1)
  4 ghost moths
  An orc warlord (Orc:1)
  7 emperor scorpions
  5 very ugly things (Abyss:3)
  2 entropy weavers
  The ghost of Wymmutom the Impaler, a journeyman MfGl of Qazlal (Lair:5)
  6 death oozes
  An eidolon (Abyss:3)
  6 great orbs of eyes
  Josephine (Spider:1)
  A shambling mangrove (Swamp:2)
  23 hydras
  14 alligators
  2 thrashing horrors (Abyss:3)
  An orc high priest (Orc:2)
  A wretched star (Abyss:3)
  A sea snake (Lair:6)
  3 spriggan druids
  9 orc knights
  9 starcursed masses (Abyss:3)
  11 swamp dragons
  2 harpies (Lair:6)
  4 ugly things
  12 orb spiders
  3 shining eyes (Slime:3)
  2 oklob plants (Lair:4)
  16 wolf spiders
  A manticore (Lair:6)
  A cyclops (Orc:2)
  2 orc sorcerers
  3 eyes of devastation
  3 smoke demons
  4 black mambas
  2 moths of wrath
  A gargoyle (D:10)
  A torpor snail (Spider:4)
  3 elephants
  13 spiny frogs
  10 demonic crawlers
  8 komodo dragons
  6 rime drakes
  7 trolls
  24 jumping spiders
  A red devil (Volcano)
  7 polar bears
  10 hornets
  6 tyrant leeches
  3 raiju (Abyss:3)
  30 blink frogs
  73 slime creatures
  10 dream sheep
  An ice dragon zombie (Abyss:3)
  3 hippogriffs
  53 redbacks
  11 bog bodies
  7 spriggans
  4 large abominations (Abyss:3)
  3 shadows
  17 tarantellas
  3 wraiths (Spider:1)
  3 wyverns
  6 golden eyes
  13 yaks
  2 hungry ghosts (D:9)
  15 vampire mosquitoes
  A neqoxec (Abyss:3)
  13 swamp worms
  5 insubstantial wisps (Swamp:3)
  8 wargs
  5 small abominations (Abyss:3)
  11 water moccasins
  4 porcupines
  13 swamp drakes
  45 orc warriors
  A meliai simulacrum (D:10)
  An ice beast (D:9)
  A sky beast (D:8)
  5 black bears
  5 eyes of draining
  An ettin simulacrum (Abyss:3)
  2 phantoms
  4 necrophages (Swamp:2)
  23 wolves
  6 centaurs
  5 ogres
  12 crocodiles
  A big kobold (D:10)
  9 bullfrogs
  3 scorpions
  5 wights (D:7)
  5 electric eels
  4 howler monkeys
  4 crimson imps
  A centaur zombie (D:7)
  2 quasits (D:9)
  4 hounds
  7 orc priests
  An iron imp (Abyss:3)
  10 jellies
  26 orc wizards
  Jessica (D:2)
  2 centaur skeletons
  A hell rat (Lair:6)
  2 iguanas
  Natasha (thrice) (D:2)
  4 worker ants
  9 gnolls
  3 river rats (D:7)
  8 adders
  2 shadow imps (D:9)
  2 white imps (Abyss:3)
  An ooze (Slime:3)
  2 worms (D:3)
  3 leopard geckos
  87 orcs
  5 giant cockroaches
  9 goblins
  6 hobgoblins
  20 jackals
  9 quokkas
  3 bats
  5 frilled lizards
  8 kobolds
  A leopard gecko skeleton (D:5)
  3 rats
  A spectral orc (D:6)
  A briar patch (Swamp:4)
  A fungus (Lair:3)
  3 plants
998 creatures vanquished.

Vanquished Creatures (collateral kills)
  A thorn hunter (Swamp:4)
  An emperor scorpion (Spider:4)
  2 entropy weavers
  Snorg (Lair:4)
  3 hydras (Swamp:4)
  A shambling mangrove (Swamp:2)
  A merfolk avatar (Lair:6)
  2 alligators (Swamp:2)
  A sea snake (Lair:6)
  A spriggan druid (Swamp:3)
  3 orc knights (Orc:2)
  2 wolf spiders (Spider:4)
  3 orb spiders
  6 elephants
  A black mamba (Lair:6)
  4 rime drakes
  5 spiny frogs
  3 komodo dragons
  2 demonic crawlers (Spider:4)
  4 jumping spiders
  A tyrant leech (Swamp:3)
  5 blink frogs
  A hippogriff (Lair:6)
  6 hornets
  5 bog bodies
  2 polar bears
  A dream sheep (Lair:6)
  4 spriggans
  21 redbacks
  6 tarantellas
  5 yaks
  A wyvern (Lair:6)
  A hungry ghost (D:10)
  2 swamp worms (Swamp:3)
  4 wargs
  2 porcupines
  5 water moccasins
  3 swamp drakes
  2 orc warriors (Orc:2)
  6 wolves (Lair:4)
  3 crocodiles
  2 bullfrogs
  A small abomination (Abyss:3)
  2 orc priests
  An orc wizard (D:10)
  4 hell rats (Lair:6)
  15 orcs
  2 kobolds (D:10)
  A butterfly (Lair:4)
  5 fungi (Lair:6)
  3 plants
169 creatures vanquished.

Vanquished Creatures (others)
  An alligator (Swamp:3)
  A phantasmal warrior (Abyss:3)
  2 large abominations (Abyss:3)
  A spriggan (Swamp:1)
  A golden eye (Abyss:3)
  A small abomination (Abyss:3)
  A briar patch (Swamp:4)
  A bush (Swamp:4)
  30 fungi
  25 plants
64 creatures vanquished.

Grand Total: 1231 creatures vanquished

Notes
Turn   | Place    | Note
-------+----------+-------------------------------------------
     0 | D:1      | Raviolo the Minotaur Berserker began the quest for the Orb.
     0 | D:1      | Reached XP level 1. HP: 19/19 MP: 0/0
   181 | D:1      | Reached XP level 2. HP: 24/27 MP: 1/1
   740 | D:2      | Noticed Natasha
   746 | D:2      | Killed Natasha
   746 | D:2      | Reached XP level 3. HP: 28/33 MP: 2/2
   821 | D:2      | Noticed Jessica
   832 | D:2      | Killed Jessica
   832 | D:2      | Reached XP level 4. HP: 31/40 MP: 3/3
  1027 | D:2      | Noticed Natasha
  1042 | D:2      | Killed Natasha
  1042 | D:2      | Reached skill level 5 in Polearms
  1085 | D:2      | Reached ** piety under Trog
  1141 | D:2      | Noticed Natasha
  1150 | D:2      | Killed Natasha
  1150 | D:2      | Reached XP level 5. HP: 43/47 MP: 4/4
  1243 | D:3      | Found an iron altar of Okawaru.
  1376 | D:3      | Found a blossoming altar of Fedhas.
  1511 | D:3      | Found a deep blue altar of Sif Muna.
  1860 | D:4      | Found a shattered altar of Ashenzari.
  1883 | D:4      | Reached XP level 6. HP: 49/55 MP: 5/5
  1930 | D:4      | Reached skill level 1 in Shields
  2069 | D:4      | Reached skill level 5 in Fighting
  2227 | D:4      | Reached *** piety under Trog
  2388 | D:4      | Reached XP level 7. HP: 61/61 MP: 6/6
  2705 | D:4      | Found a sparkling altar of Nemelex Xobeh.
  2764 | D:4      | Found a sacrificial altar of Ru.
  3008 | D:5      | Entered Level 5 of the Dungeon
  3045 | D:5      | Reached skill level 5 in Armour
  3331 | D:5      | Found a staircase to the Ecumenical Temple.
  3590 | D:5      | Found Fiuttig's Weapon Emporium.
  3727 | D:5      | Reached XP level 8. HP: 64/70 MP: 7/7
  3977 | D:6      | Reached skill level 5 in Dodging
  3993 | D:6      | Found a basalt altar of Yredelemnul.
  4050 | D:6      | Reached skill level 5 in Shields
  4172 | D:6      | Found an opulent altar of Gozag.
  4260 | D:6      | Found Ikij's Assorted Antiques.
  4333 | D:6      | Found Ohiraosh's Gadget Shoppe.
  4652 | D:7      | Found a shattered altar of Ashenzari.
  4662 | D:7      | Found Mueluo's Magic Scroll Boutique.
  4684 | D:7      | Reached **** piety under Trog
  4696 | D:7      | Bought a scroll of identify for 20 gold pieces
  4696 | D:7      | Bought a scroll of identify for 20 gold pieces
  4703 | D:7      | Found a shadowy altar of Dithmenos.
  4808 | D:7      | Found a hide-covered altar of Uskayaw.
  4817 | D:7      | Reached XP level 9. HP: 74/79 MP: 8/8
  4950 | D:7      | Found a stormy altar of Qazlal.
  5156 | D:7      | Found a flagged portal.
  5166 | Bailey   | Entered a bailey
  5288 | Bailey   | Noticed an orc knight
  5391 | Bailey   | Noticed an orc knight
  5391 | Bailey   | Noticed an orc knight
  5450 | Bailey   | Killed an orc knight
  5450 | Bailey   | Reached skill level 1 in Evocations
  5680 | Bailey   | Killed an orc knight
  5681 | Bailey   | Killed an orc knight
  5682 | Bailey   | Reached XP level 10. HP: 54/88 MP: 10/10
  5701 | Bailey   | Found the +9 sword of Zonguldrok {reap}
  5706 | Bailey   | Got a distressingly furry shield
  5724 | Bailey   | Identified the +0 shield of Resourcefulness {-Tele MP+9
                  | Dex+4} (You found it in a bailey)
  6223 | D:7      | Bought a scroll of enchant armour for 75 gold pieces
  6558 | D:8      | Found a shimmering altar of Xom.
  6559 | D:8      | Found a shimmering altar of Xom.
  6560 | D:8      | Found a shimmering altar of Xom.
  6570 | D:8      | Found a shimmering altar of Xom.
  6784 | D:8      | Reached ***** piety under Trog
  6784 | D:8      | Reached skill level 1 in Long Blades
  7274 | D:9      | Received a gift from Trog
  7347 | D:9      | Found a bloodstained altar of Trog.
  7382 | D:9      | Found a hide-covered altar of Uskayaw.
  7742 | D:9      | Found a white marble altar of Elyvilon.
  7846 | D:10     | Entered Level 10 of the Dungeon
  8075 | D:10     | Found a staircase to the Orcish Mines.
  8350 | D:10     | Found a staircase to the Lair.
  8421 | D:10     | Found Syimiu's Weapon Boutique.
  8422 | D:10     | Noticed a gargoyle
  8428 | D:10     | Killed a gargoyle
  8651 | Lair:1   | Entered Level 1 of the Lair of Beasts
  8883 | Lair:1   | Reached skill level 10 in Shields
  8883 | Lair:1   | Reached XP level 11. HP: 80/97 MP: 12/12
  9474 | Lair:1   | Received a gift from Trog
  9769 | Lair:1   | Got a shadowed robe
  9780 | Lair:1   | Identified the +0 robe of Omission {rElec Regen+ Stlth+}
                  | (You found it on level 1 of the Lair of Beasts)
  9927 | Lair:2   | Noticed a five-headed hydra
  9936 | Lair:2   | Killed a ten-headed hydra
  9936 | Lair:2   | Reached skill level 5 in Long Blades
 10119 | Lair:2   | Found a staircase to the Swamp.
 10187 | Lair:2   | Noticed a four-headed hydra
 10195 | Lair:2   | Reached skill level 5 in Evocations
 10200 | Lair:2   | Killed a seven-headed hydra
 10203 | Lair:2   | Reached skill level 10 in Fighting
 10548 | Lair:2   | Noticed a five-headed hydra
 10553 | Lair:2   | Killed a five-headed hydra
 10553 | Lair:2   | Reached XP level 12. HP: 101/106 MP: 15/15
 10777 | Lair:3   | Reached skill level 10 in Armour
 10802 | Lair:3   | Noticed an eight-headed hydra
 10813 | Lair:3   | Killed a 14-headed hydra
 10814 | Lair:3   | Found a dark tunnel.
 10819 | Volcano  | Entered a volcano
 11607 | Lair:3   | Noticed a five-headed hydra
 11620 | Lair:3   | Killed an eight-headed hydra
 12253 | Lair:4   | Reached skill level 10 in Dodging
 12371 | Lair:4   | Found a hole to the Spider Nest.
 12438 | Lair:4   | Received a gift from Trog
 12504 | Lair:4   | Noticed Snorg
 12509 | Lair:4   | Reached XP level 13. HP: 105/116 MP: 17/17
 12513 | Lair:4   | Killed Snorg
 13240 | Lair:5   | Found the +0 mask of the Dragon {MR+ Slay+3 SInv}
 13349 | Lair:5   | Found a runed translucent gate.
 13354 | Lair:5   | Found a runed translucent gate.
 13355 | Lair:5   | Found a runed translucent gate.
 13358 | Lair:5   | Found a viscous altar of Jiyva.
 13358 | Lair:5   | Noticed a death ooze
 13358 | Lair:5   | Noticed Wymmutom's ghost (journeyman MfGl)
 13359 | Lair:5   | Noticed a death ooze
 13367 | Lair:5   | Killed a death ooze
 13367 | Lair:5   | Killed a death ooze
 13380 | Lair:5   | Killed Wymmutom's ghost
 13434 | Lair:5   | Gained mutation: Armour fits poorly on your strangely
                  | shaped body. [potion of mutation]
 13434 | Lair:5   | Gained mutation: You expend magic power (3 MP) to
                  | strengthen your wands. [potion of mutation]
 13434 | Lair:5   | Gained mutation: Your movements are slightly less
                  | encumbered by armour. (ER -2) [potion of mutation]
 13434 | Lair:5   | Gained mutation: You have large cloven feet. [potion of
                  | mutation]
 13435 | Lair:5   | Lost mutation: You have large cloven feet. [potion of
                  | mutation]
 13435 | Lair:5   | Lost mutation: You expend magic power (3 MP) to strengthen
                  | your wands. [potion of mutation]
 13435 | Lair:5   | Gained mutation: You possess an exceptional clarity of
                  | mind. [potion of mutation]
 13435 | Lair:5   | Gained mutation: You are surrounded by a mild repulsion
                  | field. (EV +2) [potion of mutation]
 13435 | Lair:5   | Gained mutation: You are partially covered in iridescent
                  | scales. (AC +2) [potion of mutation]
 13508 | Lair:5   | Found a staircase to the Slime Pits.
 13510 | Lair:5   | Found a viscous altar of Jiyva.
 13922 | Lair:6   | Entered Level 6 of the Lair of Beasts
 14053 | Lair:6   | Reached ****** piety under Trog
 14103 | Lair:6   | Received a gift from Trog
 14221 | Lair:6   | Reached XP level 14. HP: 81/126 MP: 18/18
 14246 | Lair:6   | Reached skill level 10 in Long Blades
 15403 | Orc:1    | Entered Level 1 of the Orcish Mines
 15516 | Orc:1    | Noticed an orc warlord
 15541 | Orc:1    | Received a gift from Trog
 15543 | Orc:1    | Killed an orc warlord
 15867 | Orc:2    | Entered Level 2 of the Orcish Mines
 15901 | Orc:2    | Found a staircase to the Elven Halls.
 16053 | Orc:2    | Received a gift from Trog
 16202 | Orc:2    | Found Hiumihyr's Food Shop.
 16202 | Orc:2    | Found Affugiby's Book Shoppe.
 16245 | Orc:2    | Found a roughly hewn altar of Beogh.
 16673 | Orc:2    | Found Gakeuro's Armour Shop.
 16673 | Orc:2    | Found Koall's Jewellery Shoppe.
 16707 | Orc:2    | Received a gift from Trog
 16717 | Orc:2    | Identified a scroll of acquirement
 16718 | Orc:2    | Got a crude bronze ring
 16720 | Orc:2    | Identified the ring of Uddaps {+Blink EV+3 Str+4} (You
                  | acquired it on level 2 of the Orcish Mines)
 16964 | Swamp:1  | Entered Level 1 of the Swamp
 16986 | Swamp:1  | Noticed Jorgrun
 16998 | Swamp:1  | Killed Jorgrun
 17141 | Swamp:1  | Noticed Roxanne
 17395 | Swamp:1  | Reached XP level 15. HP: 125/136 MP: 20/20
 17807 | Swamp:1  | Killed Roxanne
 18227 | Swamp:2  | Received a gift from Trog
 19121 | Swamp:3  | Noticed a tentacled monstrosity
 19137 | Swamp:3  | Killed a tentacled monstrosity
 19414 | Swamp:4  | Entered Level 4 of the Swamp
 19663 | Swamp:4  | Received a gift from Trog
 19668 | Swamp:4  | Noticed the 27-headed Lernaean hydra
 19674 | Swamp:4  | Killed the 27-headed Lernaean hydra
 19674 | Swamp:4  | Reached skill level 10 in Evocations
 19698 | Swamp:4  | Reached XP level 16. HP: 85/146 MP: 22/22
 20092 | Swamp:4  | Got a decaying rune of Zot
 20149 | Swamp:4  | Noticed a thorn hunter
 20156 | Swamp:4  | Killed a thorn hunter
 20322 | Swamp:4  | Noticed a thorn hunter
 20343 | Swamp:4  | Killed a thorn hunter
 20671 | Spider:1 | Entered Level 1 of the Spider Nest
 20671 | Spider:1 | Noticed Rupert
 20674 | Spider:1 | Reached skill level 15 in Shields
 20675 | Spider:1 | Cast into level 3 of the Abyss (Rupert)
 20814 | Abyss:3  | Received a gift from Trog
 20830 | Abyss:3  | Noticed an Executioner
 20849 | Abyss:3  | Killed an Executioner
 21054 | Spider:1 | Escaped the Abyss
 21069 | Lair:4   | Killed Rupert
 21431 | Spider:1 | Reached skill level 15 in Fighting
 21506 | Spider:1 | Received a gift from Trog
 21508 | Spider:1 | Noticed Josephine
 21523 | Spider:1 | Killed Josephine
 22319 | Spider:2 | Reached skill level 15 in Armour
 22398 | Spider:2 | Reached XP level 17. HP: 124/156 MP: 24/24
 22558 | Spider:2 | Received a gift from Trog
 23431 | Spider:4 | Entered Level 4 of the Spider Nest
 23757 | Spider:4 | Received a gift from Trog
 24125 | Spider:4 | Got a gossamer rune of Zot
 24667 | Slime:1  | Entered Level 1 of the Pits of Slime
 24921 | Slime:2  | Noticed an acid blob
 24927 | Slime:2  | Killed an acid blob
 24955 | Slime:2  | Noticed an acid blob
 24955 | Slime:2  | Noticed an acid blob
 24973 | Slime:2  | Killed an acid blob
 24973 | Slime:2  | Reached skill level 15 in Dodging
 24975 | Slime:2  | Killed an acid blob
 24975 | Slime:2  | Noticed an acid blob
 25326 | Slime:2  | Noticed an acid blob
 25333 | Slime:2  | Received a gift from Trog
 25341 | Slime:2  | Killed an acid blob
 25347 | Slime:2  | Reached skill level 15 in Long Blades
 25347 | Slime:2  | Reached XP level 18. HP: 52/166 MP: 10/25
 25356 | Slime:2  | HP: 10/249 [acid (9)]
 25828 | Slime:3  | Gained mutation: You passively map a small area around you.
                  | [a shining eye]
 26059 | Slime:3  | Received a gift from Trog
 27037 | Slime:4  | HP: 2/168 [acid blob (23)]
 27037 | Slime:4  | Splashed by an acid blob's acid

Skill      XL: |  1  2  3  4  5  6  7  8  9 10 11 12 13 14 15 16 17 18 |
---------------+-------------------------------------------------------+-----
Polearms       | 4 5 6 7 8 9 |  9.0
Fighting       | 4 5 6 7 9 10 11 12 13 14 15 16 | 16.8
Armour         | 3 4 5 6 7 8 9 10 12 13 14 15 16 | 16.0
Dodging        | 3 4 5 6 7 9 10 11 12 13 14 15 | 15.5
Shields        | 2 4 6 8 10 11 12 13 14 15 | 15.0
Evocations     | 2 3 5 6 7 9 10 11 12 | 12.4
Long Blades    | 4 6 8 9 11 12 13 15 16 | 16.2

Action                   |  1- 3 |  4- 6 |  7- 9 | 10-12 | 13-15 | 16-18 || total
-------------------------+-------+-------+-------+-------+-------+-------++-------
Melee: Spear             |    51 |   219 |     1 |       |       |       ||   271
       Headbutt          |     6 |    29 |    46 |   152 |   257 |   352 ||   842
       Trident           |       |       |   349 |    73 |       |       ||   422
       Double sword      |       |       |       |   434 |   812 |   858 ||  2104
       Demon trident     |       |       |       |       |    12 |       ||    12
Invok: Berserk           |       |     1 |       |     1 |     2 |     4 ||     8
       Trog's Hand       |       |       |       |       |       |     2 ||     2
Evoke: Wand              |       |       |    10 |     9 |    12 |     8 ||    39
       Lightning rod     |       |       |       |       |     7 |     4 ||    11
       Lamp of fire      |       |       |       |       |     1 |     5 ||     6
  Use: Scroll            |       |       |     7 |       |    22 |     3 ||    32
       Potion            |       |       |       |       |     4 |     9 ||    13
 Stab: Paralysed         |       |       |    14 |       |       |       ||    14
       Distracted        |       |       |       |     5 |     7 |     7 ||    19
       Held in net/web   |       |       |       |     1 |       |     1 ||     2
       Invisible         |       |       |       |       |       |     2 ||     2
  Eat: Chunk             |       |     5 |    11 |     7 |    20 |    10 ||    53
       Ration            |       |       |       |     6 |     2 |     6 ||    14
Armor: Ring mail         |     7 |    16 |       |       |       |       ||    23
       Scale mail        |       |    28 |     6 |       |       |       ||    34
       Plate armour      |       |       |    78 |   280 |   229 |   220 ||   807
       Chain mail        |       |       |       |     1 |       |       ||     1
Dodge: Dodged            |    15 |    62 |    51 |   226 |   518 |   592 ||  1464
Block: Shield            |       |    25 |   130 |   356 |   643 |   626 ||  1780
       Rpst.: Double sword |       |       |       |    57 |    82 |   106 ||   245
